Map: [ESL] Alcyone

Players

SKillous - Winner!

  • Race: Protoss Protoss
  • League: Grandmaster
  • Spawn Location: 7:00

Spirit (souL)

  • Race: Terran Terran
  • League: Master
  • Spawn Location: 1:00

VOD

Have the link to the VOD?

Description

Time

  • Played on: Nov. 25, 2023, 12:58 p.m.
  • Length: 10:12
Show
View Real Time Build Order
Export as new Build Order

SKillous Protoss - Winner!

Build Orders: 1 Gate Expand, Double Forge, Blink Stalkers 

Get SALT Encoding   

  12  0:00  Probe  
  13  0:12  Probe  
  14  0:17  Pylon  
  14  0:24  Probe  
  15  0:35  Gateway  
  15  0:36  Probe (Chrono Boost)  
  16  0:42  Assimilator  
  16  0:46  Probe (Chrono Boost)  
  17  0:52  Probe  
  19  1:04  Probe  
  19  1:16  Probe  
  20  1:22  Cybernetics Core  
  20  1:33  Nexus  
  20  1:38  Pylon  
  21  1:40  Probe  
  21  1:44  Assimilator  
  21  1:52  Probe  
  22  1:56  Adept (Chrono Boost)  
  22  2:00  Warp Gate  
  24  2:04  Probe  
  25  2:16  Adept (Chrono Boost), Probe  
  28  2:28  Probe  
  29  2:31  Twilight Council  
  29  2:39  Stalker  
  31  2:45  Probe (Chrono Boost)  
  31  2:51  Probe (Chrono Boost)  
  33  2:54  Gateway  
  33  2:55  Probe (Chrono Boost)  
  35  2:58  Probe (Chrono Boost)  
  35  3:00  Probe (Chrono Boost)  
  35  3:04  Blink (Chrono Boost)  
  35  3:05  Shield Battery  
  36  3:12  Probe  
  37  3:15  Probe  
  38  3:20  Pylon  
  38  3:24  Probe  
  39  3:27  Probe  
  39  3:30  Robotics Facility  
  40  3:36  Probe  
  40  3:39  Probe  
  42  3:48  Stalker x2, Probe  
  46  3:51  Probe  
  48  3:57  Pylon  
  49  4:06  Nexus  
  49  4:08  Probe  
  49  4:10  Probe  
  50  4:20  Probe  
  50  4:23  Probe  
  53  4:24  Stalker x2  
  53  4:26  Assimilator, Observer  
  57  4:36  Probe  
  57  4:46  Forge  
  57  4:47  Probe  
  57  4:48  Forge  
  57  4:52  Observer (Chrono Boost)  
  59  4:54  Probe  
  59  4:55  Charge  
  59  4:56  Pylon  
  59  4:59  Probe  
  61  5:03  Gateway  
  61  5:04  Gateway  
  61  5:06  Probe  
  62  5:07  Pylon  
  62  5:11  Probe  
  62  5:13  Observer  
  62  5:18  Probe (Chrono Boost)  
  62  5:19  Protoss Ground Weapons Level 1 (Chrono Boost), Probe (Chrono Boost)  
  62  5:21  Shield Battery  
  64  5:24  Probe (Chrono Boost)  
  64  5:26  Observer  
  65  5:30  Probe (Chrono Boost)  
  65  5:31  Protoss Ground Armor Level 1 (Chrono Boost), Probe (Chrono Boost)  
  65  5:32  Gateway  
  65  5:35  Gateway, Probe (Chrono Boost)  
  68  5:38  Probe x2 (Chrono Boost)  
  70  5:45  Gateway  
  70  5:46  Gateway, Probe  
  70  5:48  Probe  
  70  5:49  Probe  
  71  5:59  Stalker x2  
  71  6:03  Stalker  
  77  6:08  Warp Prism (Chrono Boost)  
  77  6:14  Pylon  
  77  6:15  Probe  
  77  6:16  Probe  
  81  6:20  Sentry  
  81  6:23  Pylon x2  
  83  6:34  Zealot x4  
  83  6:35  Zealot  
  93  6:51  Pylon  
  93  6:54  Zealot x4  
  93  6:55  Zealot x4  
  93  6:58  Pylon  
  109  7:20  Zealot x8  
  123  7:22  Protoss Ground Weapons Level 2 (Chrono Boost)  
  123  7:23  Protoss Ground Armor Level 2 (Chrono Boost)  
  107  7:34  Nexus  
  91  7:37  Pylon  
  91  7:42  Zealot  
  85  7:46  Zealot x7  
  95  7:55  Probe  
  93  8:04  Stalker  
  92  8:06  Stalker x4  
  92  8:07  Stalker x2  
  92  8:10  Zealot  
  100  8:16  Probe  
  99  8:23  Warp Prism (Chrono Boost)  
  85  8:39  Stalker x2  
  85  8:40  Zealot x5  
  97  8:46  Probe  
  97  8:48  Probe x3  
  100  8:50  Shield Battery  
  100  8:52  Observer  
  101  8:57  Sentry  
  101  8:58  Probe  
  101  9:00  Stalker x5  
  114  9:15  Nexus  
  114  9:16  Pylon  
  114  9:19  Shield Battery  
  114  9:20  Zealot x3  
  114  9:23  Zealot x3  
  126  9:24  Zealot  
  128  9:32  Zealot  
  130  9:42  Observer  
  129  9:47  Zealot  
  129  9:48  Zealot x6  
  129  9:52  Gateway x2  
  129  9:56  Zealot, Gateway  
  129  9:58  Pylon  
Show
View Real Time Build Order
Export as new Build Order

Spirit Terran 

Build Orders:  

Get SALT Encoding   

  12  0:00  SCV  
  13  0:12  SCV  
  14  0:17  Supply Depot  
  14  0:24  SCV  
  15  0:39  SCV  
  15  0:40  Barracks  
  16  0:45  Refinery  
  16  0:51  SCV  
  16  0:55  Refinery  
  17  1:03  SCV  
  18  1:15  SCV  
  19  1:27  Orbital Command, Reaper  
  19  1:31  Supply Depot  
  20  1:43  Factory  
  20  1:53  SCV  
  21  1:59  Reaper  
  22  2:05  SCV  
  23  2:19  SCV, Command Center  
  24  2:31  Starport  
  24  2:32  SCV  
  25  2:40  Supply Depot  
  25  2:43  Hellion  
  26  2:46  Reaper  
  26  2:48  SCV  
  28  3:00  SCV  
  29  3:06  Hellion  
  29  3:09  Medivac  
  29  3:12  SCV  
  34  3:19  Barracks Reactor  
  34  3:24  SCV  
  35  3:27  Hellion  
  37  3:36  SCV  
  37  3:39  Orbital Command  
  37  3:41  Starport Tech Lab  
  38  3:46  Bunker  
  39  3:48  SCV  
  39  3:51  Factory Tech Lab  
  39  3:56  Command Center  
  39  4:00  SCV  
  39  4:02  Raven  
  42  4:04  Marine  
  42  4:08  SCV  
  44  4:12  SCV, Marine  
  46  4:19  Siege Tank  
  46  4:22  Marine  
  46  4:23  SCV  
  50  4:30  Marine  
  49  4:33  SCV  
  46  4:40  Marine  
  46  4:41  SCV  
  47  4:46  SCV  
  47  4:48  Marine  
  47  4:49  Barracks  
  47  4:50  Barracks  
  49  4:54  SCV  
  49  4:56  Siege Tank  
  49  4:58  Marine  
  54  5:07  SCV x2, Marine  
  54  5:08  Orbital Command  
  57  5:14  Barracks x2  
  57  5:16  Marine  
  57  5:19  Refinery  
  57  5:20  SCV x2, Refinery  
  60  5:25  Marine  
  60  5:26  Engineering Bay  
  61  5:29  Engineering Bay  
  61  5:32  SCV x2  
  61  5:33  Marine  
  64  5:37  Marine  
  64  5:38  Stimpack  
  64  5:40  SCV  
  66  5:43  Marine  
  66  5:44  SCV  
  66  5:46  Combat Shield  
  66  5:47  SCV  
  66  5:48  Factory Reactor  
  69  5:54  Supply Depot  
  69  5:56  Supply Depot  
  69  5:58  Starport Reactor  
  69  6:03  Barracks Tech Lab, Barracks Reactor  
  69  6:05  Terran Infantry Weapons Level 1  
  69  6:11  Terran Infantry Armor Level 1  
  69  6:13  Orbital Command, SCV, Marine x2, Marauder  
  69  6:15  Marine  
  69  6:17  Supply Depot  
  75  6:19  Supply Depot  
  75  6:20  SCV  
  75  6:21  Concussive Shells  
  75  6:25  SCV  
  77  6:27  Marauder  
  77  6:30  Marine  
  77  6:31  Marauder  
  80  6:33  Marine  
  80  6:34  SCV  
  80  6:35  Marauder  
  83  6:40  Marine  
  83  6:46  Marine  
  85  6:47  Marine  
  85  6:49  Medivac x2  
  85  6:50  Marine, Widow Mine x2  
  85  6:51  Marine  
  85  6:52  Supply Depot x2, Marauder  
  98  6:57  Marine, Marauder  
  101  7:06  Marauder  
  103  7:11  Widow Mine x2  
  103  7:12  Supply Depot  
  103  7:13  Supply Depot  
  103  7:14  Marauder  
  109  7:18  Supply Depot, Marauder  
  109  7:20  SCV  
  109  7:23  Marine  
  109  7:24  Marine  
  109  7:27  Marauder  
  109  7:29  Marine x2  
  101  7:35  Marauder  
  90  7:39  Marine  
  90  7:41  Marine  
  90  7:42  Marine  
  87  7:46  Marine  
  87  7:47  Marine  
  87  7:48  Marine  
  90  7:56  Marine  
  90  7:57  Marine  
  89  7:59  Marine  
  89  8:02  Marine  
  89  8:04  Marine x2  
  82  8:06  Marine  
  82  8:14  Marine  
  82  8:15  Marine  
  82  8:17  Marine  
  85  8:20  Marine  
  85  8:21  Medivac  
  85  8:22  Marine x2  
  85  8:24  Marauder  
  85  8:32  Marine x2  
  74  8:35  Marine  
  74  8:37  Marine  
  74  8:38  Missile Turret  
  74  8:40  Marine x2  
  74  8:45  Marine  
  74  8:47  Widow Mine  
  77  8:49  Marine  
  77  8:52  Marauder  
  77  8:53  Marine  
  79  8:58  Medivac  
  79  9:00  Marine  
  82  9:03  Marine, Marauder  
  82  9:04  Marine  
  82  9:08  Marauder  
  88  9:11  Marine  
  88  9:13  Marauder  
  91  9:18  Marine  
  91  9:20  Marine  
  91  9:23  Marine  
  94  9:25  Marauder  
  94  9:28  Medivac  
  94  9:29  Marine, Marauder  
  101  9:34  Marauder  
  101  9:36  Marine  
  104  9:38  Marine  
  104  9:41  Marine  
  98  9:46  Marauder  
  98  9:47  Marine  
  98  9:51  Marauder  
  86  9:54  Marine  
Tags
 
Add a new tag
Caveats
  • Supply blocks, unpowered buildings, or Contaminate may cause inaccurate times.
  • Supply counts are checked every 10 seconds.